 Dungeon Crawl Stone Soup version 0.28.0 (webtiles) character file.

Game seed: 8408651485144080368

210 funkygono the Firebug (level 5, -8/28 HPs)
             Began as a Gargoyle Fire Elementalist on Feb 16, 2022.
             Killed by divine providence
             ... invoked by an orc priest
              (11 damage)
             ... on level 3 of the Dungeon.
             The game lasted 00:03:32 (3248 turns).

funkygono the Firebug (Gargoyle Fire Elementalist)  Turns: 3248, Time: 00:03:33

Health: -8/28      AC:  6    Str: 11    XL:     5   Next: 88%
Magic:  1/10       EV: 12    Int: 18    God:
Gold:   168        SH:  0    Dex: 10    Spells: 1/10 levels left

rFire   + . .      SeeInvis .   l - staff of fire
rCold   . . .      Faith    .   (no shield)
rNeg    + . .      Spirit   .   a - +0 robe
rPois   ∞          Reflect  .   (no helmet)
rElec   +          Harm     .   (no cloak)
rCorr   .          Rampage  .   (no gloves)
Will    .....                   (no boots)
Stlth   ++........              (no amulet)
HPRegen 0.09/turn               (no ring)
MPRegen 0.12/turn               (no ring)

@: no status effects
A: sickness immunity, AC +4, negative energy resistance 1, electricity
resistance, torment resistance 1, petrification resistance
a: no special abilities


You were on level 3 of the Dungeon.
You visited 1 branch of the dungeon, and saw 3 of its levels.

You collected 168 gold pieces.

Inventory:

Hand Weapons
 g - a +0 whip
Missiles
 c - 60 stones
Armour
 a - a +0 robe (worn)
Magical Staves
 l - a staff of fire (weapon)
Wands
 m - a wand of mindburst (4)
Scrolls
 f - 2 scrolls of blinking {unknown}
 h - 2 scrolls of teleportation {unknown}
 j - a scroll of enchant weapon {unknown}
 k - a scroll of identify {unknown}
Potions
 b - 2 potions of attraction {unknown}
 d - a potion of mutation {unknown}
 e - 3 potions of curing {unknown}
 i - a potion of lignification {unknown}


   Skills:
 + Level 1.6 Dodging
 - Level 2.1 Stealth
 * Level 3.4 Spellcasting
 * Level 3.4 Conjurations
 * Level 4.4 Fire Magic


You had one spell level left.
You knew the following spells:

 Your Spells              Type           Power      Damage    Failure   Level
a - Foxfire               Conj/Fire      100%       2x1d9     3%          1
b - Scorch                Fire           56%        2d8       3%          2
c - Conjure Flame         Conj/Fire      26%        6-21      10%         3
d - Inner Flame           Hex/Fire       16%        N/A       19%         3

Your spell library contained the following spells:

 Spells                   Type           Power      Damage    Failure   Level
 Slow                     Hex            12%        N/A       16%         1
 Flame Wave               Conj/Fire      26%        2d7       30%         4
 Confusing Touch          Hex            3%         N/A       43%         3
 Vampiric Draining        Necr           3%         2d6       43%         3


Dungeon Overview and Level Annotations

Branches:
Dungeon (3/15)

Altars:
Gozag


Innate Abilities, Weirdness & Mutations

You are immune to sickness and miasma.
Your stone body is resilient. (AC +4)
You are immune to poison.
You resist negative energy. (rN+)
You are resistant to electric shocks. (rElec)
You are resistant to unholy torment.
You are immune to petrification.


Message History

The foxfire hits the orc warrior but does no damage.
The orc warrior is moderately wounded.
The foxfire hits the orc warrior but does no damage.
The orc warrior is moderately wounded.
The foxfire hits the orc warrior.
The orc warrior is moderately wounded.
Casting: Foxfire (safe; 3% risk of failure)
Confirm with . or Enter, or press ? or * to list all spells.
You feel a surge of power!
You conjure some foxfire!
The foxfire hits the orc warrior.
The orc warrior is heavily wounded.
Unknown command.
Casting: Foxfire (safe; 3% risk of failure)
Confirm with . or Enter, or press ? or * to list all spells.
You feel a surge of power!
You conjure some foxfire!
The foxfire hits the orc warrior but does no damage.
The orc warrior is heavily wounded.
Unknown command.
Casting: Foxfire (safe; 3% risk of failure)
Confirm with . or Enter, or press ? or * to list all spells.
You don't have enough magic to cast this spell.
Unknown command.
The foxfire hits the orc warrior but does no damage.
The orc warrior is heavily wounded.
The foxfire hits the orc warrior but does no damage.
The orc warrior is heavily wounded.
The foxfire hits the orc warrior.
The orc warrior is heavily wounded.
The foxfire hits the orc warrior.
The orc warrior is heavily wounded.
The orc priest looks satisfied for a moment.
The orc priest calls down the wrath of Beogh upon you.
Beogh smites you!
Ouch! That really hurt!
The orc priest mumbles some strange prayers to Beogh against you.
Beogh smites you!
* * * LOW HITPOINT WARNING * * *
The orc priest mumbles some strange prayers to Beogh against you.
Beogh smites you!
You die...

#...............#
#.........#..#..#
#.........##.#..#
#.........##.#..#
#.........##.#..# ######
########...............#
##...J)
.................##....#
#J#####
###########....####....#
##..'..
#....oo...o.o@...#..########..
#.######....#..........##.....
##.######...........>...##..)..
#.......#....#.#..########.....
#o.##...#....#.#..##### #..)..
#..# ..##.###.#......# ##....
#..# ###.# #.##.###.# ##).)
#... #.# #.##.# #.# ##')' ##).#
##.###.# ###....


You could see an orc warrior, an orc priest and an orc.

Vanquished Creatures
  A hound (D:3)
  A jelly (D:3)
  An orc priest (D:3)
  A gnoll (D:1)
  4 adders
  A dart slug (D:1)
  3 orcs (D:3)
  5 ball pythons (D:1)
  5 bats
  7 endoplasms
  3 giant cockroaches
  A goblin (D:2)
  5 hobgoblins
  8 jackals
  4 quokkas
  3 frilled lizards
  10 kobolds
  4 rats
67 creatures vanquished.

Vanquished Creatures (others)
  229 foxfires
  7 fungi (D:3)
  8 toadstools (D:3)
244 creatures vanquished.

Grand Total: 311 creatures vanquished

Notes
Turn   | Place    | Note
-------+----------+-------------------------------------------
     0 | D:1      | funkygono the Gargoyle Fire Elementalist began the quest
                  | for the Orb.
     0 | D:1      | Reached XP level 1. HP: 10/10 MP: 3/3
   263 | D:1      | Reached XP level 2. HP: 15/15 MP: 1/5
   266 | D:1      | Learned a level 2 spell: Scorch
   551 | D:1      | Found a faded altar of an unknown god.
   816 | D:1      | Reached XP level 3. HP: 19/19 MP: 1/6
   909 | D:1      | Learned a level 3 spell: Conjure Flame
  1651 | D:2      | Reached XP level 4. HP: 23/24 MP: 3/7
  1749 | D:2      | Reached skill level 4 in Fire Magic
  2333 | D:3      | Reached XP level 5. HP: 22/28 MP: 2/9
  2394 | D:3      | Learned a level 3 spell: Inner Flame
  2621 | D:3      | Found an opulent altar of Gozag.
  3227 | D:3      | Noticed an orc warrior
  3248 | D:3      | Killed from afar by an orc priest

Illustrated notes

Levels and vault maps discovered:
D:1:      saegor_arrival_fortress, layout_basic,
          nicolae_ecumenical_snake_handling
D:2:      layout_rooms
D:3:      cheibrodos_fertilizer, layout_basic, grunt_gozag_breadcrumbs,
          minmay_distorted

Skill      XL: |  1  2  3  4  5 |
---------------+----------------+-----
Conjurations   | 2 3 |  3.4
Fire Magic     | 4 |  4.4
Spellcasting   | 3 |  3.4
Dodging        | |  1.6
Stealth        | |  2.1

Action                   |  1- 3 |  4- 6 || total
-------------------------+-------+-------++-------
Melee: Staff             |       |     2 ||     2
 Cast: Foxfire           |    64 |    71 ||   135
       Scorch            |       |     2 ||     2
Armor: Robe              |     2 |     5 ||     7
Dodge: Dodged            |     2 |    17 ||    19
